 Dungeon Crawl Stone Soup version 0.20.0-15-g7f486f2 (webtiles) character file.

330 KKCryptic the Insei (level 6, -5/47 HPs)
             Began as a Draconian Transmuter on July 6, 2017.
             Slain by an orc
             ... wielding a +0 mace
              (8 damage)
             ... on level 5 of the Dungeon.
             The game lasted 00:18:42 (3939 turns).

KKCryptic the Insei (Draconian Transmuter)          Turns: 3939, Time: 00:18:44

Health: -5/47      AC:  8    Str: 12    XL:     6   Next: 26%
Magic:  1/9        EV: 16    Int: 14    God:
Gold:   283        SH:  0    Dex: 13    Spells: 3/9 levels left

rFire    . . .     SeeInvis .     - Unarmed
rCold    . . .     Gourm    .   (no shield)
rNeg     . . .     Faith    .   (armour unavailable)
rPois    .         Spirit   .   (helmet restricted)
rElec    .         Reflect  .   h - +0 cloak
rCorr    .         Harm     .   s - +0 pair of gloves
MR       .....                  (no boots)
Stlth    +.........             y - amulet of inaccuracy (curse)
Regen    0.2/turn               d - +3 ring of evasion
MPRegen  0.2/turn               x - ring of wizardry

@: no status effects
A: unfitting armour, cold-blooded, AC +6
a: no special abilities


You were on level 5 of the Dungeon.
You were not hungry.

You visited 1 branch of the dungeon, and saw 5 of its levels.

You collected 283 gold pieces.

Inventory:

Missiles
 a - 71 arrows
Armour
 h - a +0 cloak (worn)
 s - a +0 pair of gloves (worn)
Jewellery
 d - a +3 ring of evasion (left hand)
 m - an uncursed ring of see invisible
 p - an uncursed amulet of guardian spirit
 x - a ring of wizardry (right hand)
 y - a cursed amulet of inaccuracy (around neck)
 B - an uncursed amulet of regeneration {unknown}
Wands
 w - a wand of lightning (12/15)
Scrolls
 g - 4 scrolls of teleportation
 i - 2 scrolls of recharging
 o - 2 scrolls of enchant weapon
 u - 5 scrolls of identify
 v - a scroll of fog
Potions
 e - 2 potions of lignification
 j - 4 potions of curing {unknown}
 k - 2 potions of flight {unknown}
 l - 2 potions of agility {unknown}
 n - a potion of degeneration {unknown}
 q - a potion of brilliance {unknown}
 t - 2 potions of haste {unknown}
 z - a potion of might {unknown}
Books
 b - a book of Changes

   Spells                             Type                      Level
   a - Beastly Appendage              Transmutation                1
   b - Sticks to Snakes               Transmutation                2
   c - Spider Form                    Transmutation/Poison         3
   d - Ice Form                       Ice/Transmutation            4
   e - Blade Hands                    Transmutation                5
Comestibles
 c - 4 bread rations
 f - 6 royal jellies
 A - a meat ration


   Skills:
 - Level 1.1 Fighting
 + Level 2.8 Dodging
 + Level 5.0 Unarmed Combat
 - Level 2.0 Spellcasting
 + Level 4.7 Transmutations


You had 3 spell levels left.
You knew the following spells:

 Your Spells              Type           Power        Failure   Level  Hunger
a - Beastly Appendage     Tmut           ##....       1%          1    ##.....
b - Sticks to Snakes      Tmut           ##......     2%          2    ###....
c - Spider Form           Tmut/Pois      #.........   11%         3    ####...


Dungeon Overview and Level Annotations

Branches:
Dungeon (5/15)
 Temple: D:4-7

Altars:
The Shining One

Annotations:
D:4 jurchenman's ghost, novice HaHu


Innate Abilities, Weirdness & Mutations

Your plain brown scales are hard. (AC +6)
You cannot fit into any form of body armour.
You are cold-blooded and may be slowed by cold attacks.


Message History

You barely miss something. The orc closely misses you.
Your ball python closely misses something.
You miss something. Your kick misses something.
Something hits you but does no damage. The orc barely misses you.
Your ball python closely misses something.
You closely miss something.
Your talons disappear.
You hear some strange, mumbled words.
A puff of flame appears from out of thin air!
The puff of flame hits you!
* * * LOW HITPOINT WARNING * * *
Your ball python bites something but does no damage.
The orc barely misses you.
Casting: Sticks to Snakes
Confirm with . or Enter, or press ? or * to list all spells.
You create a snake!
You now have 71 arrows.
Something hits you but does no damage.
Your ball python bites something but does no damage.
The orc hits you with a mace!
You die...

#.......... #.........
#....#)..## #.........#
#.........# ####+
#.<.......# .. #....
#.........# ....# #..>.
#.....o{####....# #.)..
#....S.@S...########.<..
#...........#......#....
#...........#......###..
#...........#......# #..
#...........#......###..
#...........#......#....
#...........#...........
##..........#####.......
#............# #.......


You could see an orc and 2 friendly ball pythons.

Vanquished Creatures
  A centaur skeleton (D:4)
  A hound (D:4)
  2 orc wizards (D:4)
  An orc priest (D:3)
  Terence (D:2)
  5 adders
  2 oozes (D:2)
  6 worms
  A dart slug (D:4)
  3 leopard geckos
  8 orcs
  10 bats
  4 giant cockroaches
  8 hobgoblins
  6 jackals
  A quokka (D:3)
  3 frilled lizards
  5 goblins
  8 kobolds
  A leopard gecko skeleton (D:4)
  8 rats
85 creatures vanquished.

Vanquished Creatures (collateral kills)
  A rat (D:2)
1 creature vanquished.

Grand Total: 86 creatures vanquished

Notes
Turn   | Place    | Note
-------+----------+-------------------------------------------
     0 | D:1      | KKCryptic the Draconian Transmuter began the quest for the Orb.
     0 | D:1      | Reached XP level 1. HP: 16/16 MP: 3/3
   353 | D:1      | Reached XP level 2. HP: 23/23 MP: 3/5
  1056 | D:2      | Reached XP level 3. HP: 26/28 MP: 4/6
  1117 | D:2      | Learned a level 2 spell: Sticks to Snakes
  1121 | D:2      | Learned a level 3 spell: Spider Form
  1219 | D:2      | Noticed Terence
  1234 | D:2      | Killed Terence
  1234 | D:2      | Reached skill level 4 in Unarmed Combat
  1318 | D:2      | Reached XP level 4. HP: 12/35 MP: 4/7
  1892 | D:2      | Found a glowing golden altar of the Shining One.
  2303 | D:3      | Reached XP level 5. HP: 34/40 MP: 5/8
  3202 | D:4      | Reached XP level 6. HP: 6/47 MP: 9/9
  3636 | D:4      | Reached skill level 5 in Unarmed Combat
  3764 | D:4      | Noticed jurchenman's ghost (novice HaHu)
  3784 | D:5      | Entered Level 5 of the Dungeon
  3939 | D:5      | Slain by an orc

Skill      XL: |  1  2  3  4  5  6 |
---------------+-------------------+-----
Unarmed Combat | 4 5 |  5.0
Transmutations | 3 4 |  4.7
Dodging        | 2 |  2.8
Fighting       | |  1.1
Spellcasting   | |  2.0

Action                   |  1- 3 |  4- 6 || total
-------------------------+-------+-------++-------
Melee: Unarmed           |   119 |   284 ||   403
       Kick              |    11 |    21 ||    32
       Tailslap          |    13 |    24 ||    37
       Headbutt          |    11 |    14 ||    25
       Punch             |     1 |     3 ||     4
 Cast: Beastly Appendage |    17 |    29 ||    46
       Sticks to Snakes  |     1 |     8 ||     9
       Spider Form       |       |     2 ||     2
  Use: Scroll            |       |     7 ||     7
       Potion            |       |     1 ||     1
 Stab: Distracted        |     1 |       ||     1
  Eat: Chunk             |     2 |     6 ||     8
       Meat ration       |       |     1 ||     1
Armor: Skin              |    23 |    69 ||    92
Dodge: Dodged            |   102 |   196 ||   298
